Cogmind - Beta 17 @@@ ROGUE MODE // 2026.08.21 @ 12:39:04 Player: DietSnapple Result: Destroyed by ZJ-PZB(h) with Bolt Gun Performance ------------- Evolutions (0) 0 Regions Visited (3) 600 Robots Destroyed (26) 130 Value Destroyed (445) 445 Prototype IDs (6) 120 Alien Tech Used (0) 0 Bonus (800) 800 TOTAL SCORE: 2095 Bonus ------- Registered with UFD 300 Met Optimus in HQ 500 Cogmind --------- Core Integrity 0/250 Matter 280/300 Energy 269/275 System Corruption 0% Temperature Cool (0) Movement Treading (160) Ox1 Location -9/Scraptown Parts ------- > --- POWER (1) -------- Deuterium Engine > --- PROPULSION (2) --- Overtuned Treads Overtuned Treads > --- UTILITY (2) ------ Makeshift Light Armor Plating > --- WEAPON (2) ------- Overtuned Pulse Rifle Overtuned Pulse Rifle > --- INVENTORY (5) ---- Aluminum Leg Overtuned Flexi-carbon Leg Scrap Suit Peak State ------------ > --- POWER ------------ Improved Ion Engine > --- PROPULSION ------- Assembled Alloy Leg Potential Leg > --- UTILITY ---------- Huge Storage Unit > --- WEAPON ----------- Plasma Rifle Heavy Machine Gun > --- INVENTORY -------- Improved Treads Improved Treads Overtuned Treads Scrap Suit Vampiric Humpback Makeshift Salvage Targeting Computer Makeshift Transmission Jammer Field Recycling Unit [Rating: 35] Favorites ----------- Power Improved Ion Engine Engine Improved Ion Engine Propulsion Improved Treads Treads Improved Treads Leg Assembled Alloy Leg Utility Huge Storage Unit Device Seismic Detector Storage Huge Storage Unit Protection Makeshift Light Armor Plating Weapon Plasma Rifle Energy Gun Plasma Rifle Ballistic Gun Heavy Machine Gun Ballistic Cannon Light Cannon Special Weapon Mining Laser Impact Weapon Mace Build | -11 -10 -10 -9 ------- Run | Yrd Mat Sub Scr Slots Evolved . | . . . . Power . | . . . . Propulsion . | . . . . Utility . | . . . . Weapon . | . . . . Parts Attached 42 | 7 9 3 23 Power 6 | 1 2 . 3 Engine 6 | 1 2 . 3 Core . | . . . . Reactor . | . . . . Propulsion 10 | 2 2 . 6 Treads 8 | 2 2 . 4 Leg 2 | . . . 2 Wheel . | . . . . Hover . | . . . . Flight . | . . . . Utility 8 | 2 1 . 5 Device 3 | 1 . . 2 Storage 4 | 1 1 . 2 Processor . | . . . . Hackware . | . . . . Protection 1 | . . . 1 Artifact . | . . . . Weapon 18 | 2 4 3 9 Energy Gun 4 | 1 . . 3 Energy Cannon . | . . . . Ballistic Gun 11 | 1 4 3 3 Ballistic Cannon 1 | . . . 1 Launcher . | . . . . Special Weapon 1 | . . . 1 Impact Weapon 1 | . . . 1 Slashing Weapon . | . . . . Piercing Weapon . | . . . . Special Melee Weapon . | . . . . Unidentified Prototypes 4 | . . . 4 Parts Lost 5 | . . 4 1 Power 1 | . . 1 . Propulsion 1 | . . 1 . Utility 1 | . . 1 . Weapon 2 | . . 1 1 Highest Loss Streak 4 | . . 4 1 To Critical Strikes . | . . . . Average Backups 9 | 2 11 18 9 Power . | . 1 1 . Propulsion 1 | 1 1 2 . Utility 2 | . 1 3 3 Weapon 5 | . 6 12 4 Tool/Special . | . . . . Unused Backups 35 | . 2 . 33 Power . | . . . . Propulsion 10 | . 2 . 8 Utility 10 | . . . 10 Weapon 14 | . . . 14 Tool/Special 1 | . . . 1 Average Slot Usage (%) 84 | . 99 82 81 Engine 13 | . 14 8 13 Treads 25 | . 28 23 25 Leg 2 | . . . 2 Device 6 | . 14 7 4 Storage 8 | . 14 14 7 Energy Gun 9 | . 1 . 10 Ballistic Gun 18 | . 26 28 15 Peak Build Rating 35 | 7 14 14 35 Average Rating 18 | 5 11 12 20 On Entrance 7 | . 7 14 9 Avg Prop Armor Cover (%) 13 | . . . 13 Naked Turns 18 | . . . 18 Heaviest Build 104 | 12 92 92 104 Greatest Support 60 | 40 46 46 60 Greatest Overweight (x) 3 | . 1 3 2 Average Overweight (x) . | . . 1 . Largest Inventory Capacity 35 | 8 25 25 35 Average Capacity 15 | 7 18 25 15 Most Carried 25 | 4 19 19 25 Average Carried 10 | 2 11 18 9 Final Capacity 25 | 8 25 25 5 Final Carried 19 | 4 19 18 4 Class Distribution -------------------- 99% | Mutant Dominant Class ---------------- Mutant | -10/Materials Mutant | -10/Subcaves Mutant | -9/Scraptown Resources | -11 -10 -10 -9 ----------- Run | Yrd Mat Sub Scr Matter Collected 1680 | 315 389 . 976 Remotely . | . . . . Salvage Created 844 | 219 411 144 70 Parts 61 | 22 23 12 4 Haulers Intercepted 2 | . 2 . . Recyclers Shooed 1 | 1 . . . Parts Field Recycled . | . . . . Retrieved Matter . | . . . . Parts Self-Destructed 4 | . . 4 . Prevented . | . . . . Parts Restored . | . . . . Kills | -11 -10 -10 -9 ------- Run | Yrd Mat Sub Scr Combat Hostiles Destroyed 14 | . 10 3 1 Guns 14 | . 10 3 1 Classes Destroyed 8 | 3 3 1 1 Worker 5 | 2 3 . . Tunneler 4 | 4 . . . Hauler 2 | . 2 . . Recycler 1 | 1 . . . Swarmer 5 | . 5 . . Grunt 5 | . 5 . . Subdweller 3 | . . 3 . Scrapper 1 | . . . 1 Best Kill Streak 5 | 5 5 3 1 Combat Bots Only 4 | . 4 3 1 Max Kills in Single Turn 2 | 1 2 1 1 Gunslinging 1 | . 1 . . Exploded . | . . . . Melee . | . . . . Uniques/NPCs Destroyed . | . . . . Combat | -11 -10 -10 -9 -------- Run | Yrd Mat Sub Scr Hostile Shots Fired 146 | . 58 18 70 Missed 42 | . 13 7 22 Hits 104 | . 45 11 48 Melee 6 | . . . 6 Projectile 98 | . 45 11 42 AOE 7 | . . 7 . Critical Strikes 2 | . . 1 1 Damage Taken 1779 | . 427 508 844 Core 252 | . 48 22 182 Absorbed by Shields . | . . . . Core Remaining (%) 100 | 100 . . . Volleys Fired 82 | 15 33 9 25 Largest 2 | 2 2 2 2 Hottest 75 | 60 60 46 75 Shots Fired 139 | 30 66 18 25 Gun 139 | 30 66 18 25 Cannon . | . . . . Launcher . | . . . . Special . | . . . . Kinetic 102 | 15 57 18 12 Thermal 37 | 15 9 . 13 Explosive . | . . . . Electromagnetic . | . . . . Robot Hit Streak 11 | 11 9 10 4 Robot Miss Streak 10 | 1 10 3 4 Penetration Max . | . . . . Secondary Targets 2 | . 2 . . Max Gunslinging Chain 1 | . 1 . . Shots Hit Robots 86 | 19 45 13 9 Core Hits 43 | 8 25 6 4 Critical Kills . | . . . . Critical Parts Destroyed . | . . . . Critical Strikes . | . . . . Melee Attacks 4 | . . . 4 Impact 4 | . . . 4 Slashing . | . . . . Piercing . | . . . . Sneak Attacks . | . . . . Combat Hostiles . | . . . . Follow-up Attacks . | . . . . Damage Inflicted 1174 | 182 640 186 166 Guns 1174 | 182 640 186 166 Cannons . | . . . . Explosions . | . . . . Melee . | . . . . Ramming . | . . . . Kinetic 946 | 95 565 186 100 Thermal 228 | 87 75 . 66 Explosive . | . . . . Electromagnetic . | . . . . Impact . | . . . . Slashing . | . . . . Piercing . | . . . . Highest Corruption 4 | . 4 4 4 Average Corruption 3 | . 3 4 4 Corruption Purged . | . . . . Corruption Blocked . | . . . . Effects 37 | . 31 6 . Message Errors 7 | . 6 1 . Matter Fused 10 | . 9 1 . Heat Flow Errors 3 | . 3 . . Energy Discharges 3 | . 3 . . Parts Rejected 1 | . 1 . . Data Loss (minor) 9 | . 5 4 . Data Loss (major) 2 | . 2 . . Misfires 1 | . 1 . . Weapon Failures 1 | . 1 . . Overload Shots . | . . . . Overflow Damage . | . . . . Projectiles . | . . . . Explosions . | . . . . Melee . | . . . . Knockbacks . | . . . . Impact . | . . . . Kinetic . | . . . . Secondary . | . . . . Self-Inflicted Damage . | . . . . Shots . | . . . . Rammed . | . . . . Targets Rammed . | . . . . Kicked . | . . . . Crushed . | . . . . Highest Temperature 258 | . 258 . 126 Average Temperature 64 | . 87 . 38 Received Heat Transfer 402 | . 102 36 264 Siege Activations . | . . . . Martial Activations . | . . . . Shielding Activations . | . . . . Robots Disrupted . | . . . . Combat Hostiles . | . . . . Robots Corrupted . | . . . . Combat Hostiles . | . . . . Parts Fried . | . . . . Impact Corruptions . | . . . . Robots Melted . | . . . . Combat Hostiles . | . . . . Parts Melted . | . . . . Heat Transferred 512 | 200 175 . 137 Parts Sabotaged . | . . . . Parts Stolen . | . . . . Parts Stripped . | . . . . Power Chain Reactions . | . . . . Alert | -11 -10 -10 -9 ------- Run | Yrd Mat Sub Scr Maximum Alert Level . | . . . . Low Security (%) 100 | 100 100 . . Level 1 . | . . . . Level 2 . | . . . . Level 3 . | . . . . Level 4 . | . . . . Level 5 . | . . . . High Security . | . . . . Max Security . | . . . . Peak Influence 90 | 10 90 . . Initial . | . . . . Average 15 | 1 16 . . Influence Increases 314 | 35 279 . . Destroy 0b10 Robot/C 200 | . 200 . . Destroy 0b10 Robot/NC 60 | 35 25 . . Destroy Leader 44 | . 44 . . Successful Hack 10 | . 10 . . Influence Decreases 314 | 35 243 36 . Entered New Map 18 | . . 18 . Time Decay 296 | 35 243 18 . Squads Dispatched 1 | . 1 . . Investigation 1 | . 1 . . Extermination . | . . . . Reinforcement . | . . . . Assault . | . . . . Garrison . | . . . . Intercept . | . . . . Searches Triggered . | . . . . Construction Impeded . | . . . . Haulers Reinforced . | . . . . Active Scanning Responses . | . . . . Cargo Convoy Interrupts . | . . . . Stealth | -11 -10 -10 -9 --------- Run | Yrd Mat Sub Scr Distress Signals . | . . . . Communications Jammed . | . . . . Distress Signals . | . . . . Times Spotted 55 | . 20 4 31 Peak Tracking Total 6 | . 4 3 6 Tactical Retreats 1 | . . . 1 Traps | -11 -10 -10 -9 ------- Run | Yrd Mat Sub Scr Traps Triggered 3 | . 3 . . Indirectly . | . . . . Trap Hack Attempts . | . . . . Triggered . | . . . . Disarmed . | . . . . Reprogrammed . | . . . . Reused . | . . . . Traps Extracted . | . . . . Installed . | . . . . Triggered . | . . . . Machines | -11 -10 -10 -9 ---------- Run | Yrd Mat Sub Scr Machines Disabled 3 | . . . 3 Max in Single Turn 1 | . . . 1 Machines Repaired . | . . . . Machines Dismantled . | . . . . Machines Sabotaged . | . . . . Overloaded Fab Kills . | . . . . Hacking | -11 -10 -10 -9 --------- Run | Yrd Mat Sub Scr Machines Accessed 10 | . 3 . 7 Terminals 3 | . 3 . . Fabricators . | . . . . Repair Stations . | . . . . Recycling Units . | . . . . Scanalyzers . | . . . . Garrison Access . | . . . . Total Hacks 41 | . 9 . 32 Successful 37 | . 5 . 32 Failed 4 | . 4 . . Catastrophic 2 | . 2 . . Database Lockouts . | . . . . Manual 2 | . 2 . . Terminals 9 | . 9 . . Fabricators . | . . . . Repair Stations . | . . . . Recycling Units . | . . . . Scanalyzers . | . . . . Garrison Access . | . . . . Terminal Hacks 37 | . 5 . 32 Record 26 | . . . 26 Robot Analysis 6 | . . . 6 Prototype ID Bank 1 | . 1 . . Locate Traps 1 | . 1 . . Hauler Manifests 1 | . 1 . . Zone Layout 2 | . 2 . . Fabricator Hacks . | . . . . Repair Station Hacks . | . . . . Recycling Unit Hacks . | . . . . Scanalyzer . | . . . . Garrison Access Hacks . | . . . . Unauthorized Hacks . | . . . . Terminals . | . . . . Fabricators . | . . . . Repair Stations . | . . . . Recycling Units . | . . . . Scanalyzers . | . . . . Garrison Access . | . . . . Data Cores Recovered . | . . . . Used . | . . . . Hacking Detections 3 | . 3 . . Full Trace Events . | . . . . Feedback Events . | . . . . Feedback Blocked . | . . . . Robot Schematics Acquired . | . . . . Robots Built . | . . . . Authchips . | . . . . Time . | . . . . Total Robot Build Rating . | . . . . Part Schematics Acquired . | . . . . Parts Built . | . . . . Authchips . | . . . . Time . | . . . . Total Part Build Rating . | . . . . Part Studies Acquired . | . . . . Parts Repaired . | . . . . Time . | . . . . Parts Recycled . | . . . . Recycled Matter . | . . . . Retrieved Matter . | . . . . Retrieved Components . | . . . . Parts Scanalyzed . | . . . . Part Schematics Acquired . | . . . . Parts Damaged . | . . . . Bothacking | -11 -10 -10 -9 ------------ Run | Yrd Mat Sub Scr Used RIF Installer . | . . . . Robots Hacked . | . . . . Non-combat . | . . . . Combat . | . . . . Robot Hacks Applied . | . . . . Relay Couplers Released . | . . . . Fabnet Peak Effective % . | . . . . Robots Rewired . | . . . . Allies Hacked . | . . . . Hacks Repelled . | . . . . Allies | -11 -10 -10 -9 -------- Run | Yrd Mat Sub Scr Total Allies . | . . . . Largest Group . | . . . . Highest-Rated Group . | . . . . Highest-Rated Ally . | . . . . Total Orders . | . . . . Ally Attacks . | . . . . Total Damage . | . . . . Kills . | . . . . Allies Corrupted . | . . . . Allies Melted 5 | . . . 5 Intel | -11 -10 -10 -9 ------- Run | Yrd Mat Sub Scr Active Infowar (turns) 1706 | 11 1595 100 . Seismic 1706 | 11 1595 100 . Robot Analysis Total 6 | . . . 6 Derelict Logs Recovered . | . . . . Drone Launches . | . . . . Drone Recoveries . | . . . . Exploration | -11 -10 -10 -9 ------------- Run | Yrd Mat Sub Scr Turns Passed 9507 | 206 1595 217 7489 Spaces Moved 4363 | 95 676 70 3522 Core 42 | 4 . . 38 Treads 3889 | 91 676 70 3052 Legs 432 | . . . 432 Wheels . | . . . . Hover . | . . . . Flight . | . . . . Fastest Speed 50 | 50 160 240 50 Average Speed 197 | 155 203 276 195 Slowest Speed 400 | 160 240 400 320 Overloaded Moves . | . . . . Propulsion Burnouts . | . . . . Robots Hopped . | . . . . Potential Cave-ins . | . . . . Cave-ins Triggered . | . . . . Exploration Rate (%) 47 | 4 92 5 90 Regions Visited 3 Branch Regions 2 Pre-discovered Areas . | . . . . Known Exits Taken . | . . . . Unknown Exits Taken 3 | 1 1 1 . Scrap Searched 6 | . . . 6 Spaces Dug . | . . . . Terrain Destroyed . | . . . . Melee . | . . . . Projectile . | . . . . AOE . | . . . . Terrain Rammed . | . . . . Walls Destroyed . | . . . . Machines Disabled . | . . . . Actions | -11 -10 -10 -9 --------- Run | Yrd Mat Sub Scr Total 5153 | 120 833 81 4119 Wait 546 | . 85 . 461 Move 4360 | 94 675 69 3522 Hop . | . . . . Pick Up 54 | 4 18 . 32 Fast Attach 17 | 7 2 . 8 Attach 10 | . 1 1 8 Detach 9 | . 2 . 7 Swap 19 | . 7 2 10 Drop 52 | . 10 . 42 Fire 82 | 15 33 9 25 Melee 4 | . . . 4 Ram . | . . . . Kick . | . . . . Crush . | . . . . Escape Stasis . | . . . . Rewire . | . . . . Trap . | . . . . Miscellaneous . | . . . . Route ------- -11/Scrapyard -10/Materials (discovered 5 exits: [*Mat x3] / [*Min] / [*Sub]) -10/Subcaves -9/Scraptown (discovered 2 exits: *Fac x2) History --------- Turn | Location | Event 3 | -11/Scrapyard | Discovered new exit (range 15) 207 | -11/Scrapyard | Entered Materials 312 | -10/Materials | Build established: Mutant 336 | -10/Materials | Discovered new exit (range 4) 459 | -10/Materials | Discovered new exit (range 15) 557 | -10/Materials | Discovered new exit (range 16) 642 | -10/Materials | Discovered new exit (range 5) 1780 | -10/Materials | Discovered new exit (range 7) 1802 | -10/Materials | Entered Subcaves 1803 | -10/Subcaves | Approached by a straggling Scientist 1837 | -10/Subcaves | A swath of the cavern ceiling suddenly collapsed 1936 | -10/Subcaves | Scientist uncovered a shortcut to Scraptown 1948 | -10/Subcaves | Ambushed by Subdweller buried in earth 1983 | -10/Subcaves | Lost 4 parts (1p1n1u1w) 2019 | -10/Subcaves | Entered Scraptown 2022 | -9/Scraptown | System corruption cleaned by C-Scrubber 2605 | -9/Scraptown | Discovered new exit (range 9) 2721 | -9/Scraptown | Visited Comm Corps 2857 | -9/Scraptown | Visited CR-KLE's Repair Center 3579 | -9/Scraptown | Visited TADAMA 3630 | -9/Scraptown | Visited Cyclists 3733 | -9/Scraptown | Visited UFD Registry 3738 | -9/Scraptown | Registered with UFD as "Cogmaster" 3807 | -9/Scraptown | Entered Cyclist Reading Room 3951 | -9/Scraptown | Visited Research Penetration Think Tank 4009 | -9/Scraptown | Visited DA-N13 Charitable Foundation 4073 | -9/Scraptown | Found DCF Scrap (32 items) 4738 | -9/Scraptown | Visited Curators Association 4834 | -9/Scraptown | Visited Scrap Suit Storage 4882 | -9/Scraptown | Found Scrap Suit 4889 | -9/Scraptown | Found Scrap Suit 4967 | -9/Scraptown | Visited Scrapoid Pod Storage 5124 | -9/Scraptown | Found Scrapoid Pod 6394 | -9/Scraptown | Visited Modified Component R&D 6472 | -9/Scraptown | Visited Analyses Database 7628 | -9/Scraptown | Visited Awakened 7664 | -9/Scraptown | Visited Assassins FH 7707 | -9/Scraptown | Visited Fellowship of the Rings 7993 | -9/Scraptown | Met Optimus 7993 | -9/Scraptown | Accepted into 0bPrime 8393 | -9/Scraptown | Civil war broke out across Scraptown 8423 | -9/Scraptown | Found Prototype Storage 8437 | -9/Scraptown | Found Prototype Leg 8757 | -9/Scraptown | Identified Potential Leg 9006 | -9/Scraptown | Identified exit to Factory 9145 | -9/Scraptown | Identified Vmp. Humpback 9152 | -9/Scraptown | Core integrity fell below 50% 9173 | -9/Scraptown | Lost 5 allies 9174 | -9/Scraptown | Core integrity fell below 20% 9449 | -9/Scraptown | Released all parts (4) 9508 | -9/Scraptown | Destroyed by ZJ-PZB(h) with Bolt Gun Last Messages --------------- 09462_ Bolt penetrates EK-0L1(M). 09464_ EK-0L1(M) destroyed. 09467_ Acquired Deuterium Engine. 09468_ Acquired 10 matter. 09473_ Acquired Ovr. Treads. 09477_ Bolt penetrates Machine. 09477_ Bolt penetrates Y8-G7U(g). 09479_ Acquired Mak. Light Armor Plating. 09479_ 14-LYW(g) destroyed. 09481_ Acquired 30 matter. 09483_ Bolt penetrates Y8-G7U(g). 09483_ Y8-G7U(g) destroyed. 09486_ Ovr. Treads suddenly begins malfunctioning. 09490_ DX-VB0(j) destroyed. 09496_ Penetrated by Bolt. 09504_ Acquired Ovr. Pulse Rifle. 09505_ ZJ-PZB(h): "Don't throw away your lives for a pipe dream!" 09506_ Penetrated by Bolt. 09507_ Acquired Ovr. Pulse Rifle. 09507_ Penetrated by Bolt. Map ----- +----------------------------------------------------+ | ?????????????????????????????????????????????????? | | ?????????????????????????????????????????????????? | | ?????????????????????????????????????????????????? | | ?????????????????????????????????????????????????? | | ?????????????????????????????????????????????????? | | ????????????????????????????????????